 Dungeon Crawl Stone Soup version 0.22.1-1-ga44c0e5 (webtiles) character file.

4070 Lauz the Carver (level 10, -1/88 HPs)
             Began as a Minotaur Berserker on Nov 2, 2018.
             Was an Elder of Trog.
             Splashed by a jelly's acid (8 damage)
             ... on level 9 of the Dungeon.
             The game lasted 00:11:34 (9622 turns).

Lauz the Carver (Minotaur Berserker)                Turns: 9622, Time: 00:11:35

Health: -1/88      AC:  2    Str: 24    XL:     10   Next: 5%
Magic:  9/9        EV: 14    Int:  8    God:    Trog [****..]
Gold:   618        SH:  0    Dex: 11    Spells: 9/9 levels left

rFire    . . .     SeeInvis .   J - +0 long sword
rCold    . . .     Gourm    +   (no shield)
rNeg     . . .     Faith    .   b - +0 animal skin
rPois    .         Spirit   .   (helmet restricted)
rElec    .         Reflect  .   (no cloak)
rCorr    .         Harm     .   (no gloves)
MR       .....                  (no boots)
Stlth    ++........             v - amulet of the gourmand
HPRegen  0.24/turn              u - +4 ring of intelligence
MPRegen  0.11/turn              (no ring)

@: lethally poisoned (-1 -> -9), berserk cooldown, slowed, very slow
A: retaliatory headbutt, horns 2
a: Berserk, Trog's Hand, Brothers in Arms, Renounce Religion


You were on level 9 of the Dungeon.
You worshipped Trog.
Trog was greatly pleased with you.
You were very full.

You visited 1 branch of the dungeon, and saw 9 of its levels.

You collected 618 gold pieces.

Inventory:

Hand Weapons
 a - a +0 falchion
 J - a +0 long sword (weapon)
Armour
 b - a +0 animal skin (worn)
 H - a +3 ring mail of poison resistance
 M - a +0 plate armour
Jewellery
 u - a +4 ring of intelligence (left hand)
 v - an amulet of the gourmand (around neck)
 y - an uncursed amulet of regeneration {unknown}
 C - a +3 ring of strength {unknown}
 K - a +4 ring of strength {unknown}
Wands
 n - a wand of polymorph (22)
 w - a wand of clouds (7)
 E - a wand of random effects (16)
 F - a wand of iceblast (7)
 G - a wand of flame (29)
Scrolls
 e - 3 scrolls of enchant weapon {unknown}
 f - 5 scrolls of remove curse {unknown}
 i - a scroll of immolation {unknown}
 k - 5 scrolls of teleportation {unknown}
 m - 2 scrolls of enchant armour {unknown}
 o - 4 scrolls of amnesia {unknown}
 p - a scroll of noise {unknown}
 r - a scroll of random uselessness {unknown}
 s - 8 scrolls of identify {unknown}
 D - 3 scrolls of blinking {unknown}
Potions
 d - 6 potions of curing
 g - 2 potions of heal wounds {unknown}
 h - a potion of magic {unknown}
 j - 3 potions of haste {unknown}
 l - 3 potions of might {unknown}
 q - 2 potions of flight {unknown}
 t - 3 potions of lignification {unknown}
 x - 2 potions of agility {unknown}
 z - a potion of ambrosia {unknown}
 A - a potion of cancellation {unknown}
 B - a potion of brilliance {unknown}
Comestibles
 c - 16 rations


   Skills:
 + Level 7.9 Fighting
 * Level 14.0 Long Blades
 - Level 2.4 Armour
 + Level 6.0 Dodging
 - Level 2.2 Stealth


You had 9 spell levels left.
You didn't know any spells.
Your spell library was empty.

Dungeon Overview and Level Annotations

Branches:
Dungeon (9/15)             Temple (0/1) D:7
   Lair: D:8-11         Orc: D:9-12

Altars:
Ashenzari
Fedhas
Okawaru
Ru
Trog
Wu Jian
Xom
Yredelemnul
Zin
The Shining One

Shops:
D:4 [   D:6 [   D:7 }[[(*


Innate Abilities, Weirdness & Mutations

You reflexively headbutt those who attack you in melee.
You have a pair of horns on your head.


Message History

Things that are here:
a mace; an orc corpse You feel a strong urge to attack something.
You feel sick. The hornet zombie hits you!
* * * LOW HITPOINT WARNING * * *
Found an escape hatch in the floor.
You are no longer berserk.
You are exhausted.
You feel yourself slow down.
You feel sick. The jelly completely misses you.
You riposte.
You hit the jelly.
The jelly is moderately wounded.
You hit the jelly.
Your hands burn!
* * * LOW HITPOINT WARNING * * *
The jelly is severely wounded.
You feel sick. The hornet zombie hits you!
* * * LOW HITPOINT WARNING * * *
The jelly hits you.
* * * LOW HITPOINT WARNING * * *
You are splashed with acid!
The acid burns!
You die...

.# .# #.#.#..#.# .# .###
#......#<###.# ...#
###..#.....#... ...#
#...##.##....## . ...#
#.#.##........# #.. ...#
#.#.##........#.... ...#
#.#.....††.........
...###......(.)Z@J......
.........###=†)?....####
######...##..######....#
# #..#....## >..# #
#........ ..# ..
......#### .# .......###
# .......# .#


You could see a jelly and a hornet zombie.

Vanquished Creatures
  Pikel (D:5)
  Joseph (D:7)
  Prince Ribbit (D:5)
  2 hippogriffs
  Menkaure (D:7)
  Edmund (D:4)
  2 water moccasins
  Duvessa (D:7)
  2 orc warriors
  A sky beast (D:3)
  A slave (D:5)
  A black bear (D:6)
  5 ogres
  A centaur (D:9)
  A bullfrog (D:7)
  Dowan (D:7)
  2 scorpions
  9 killer bees
  A crimson imp (D:5)
  A howler monkey (D:6)
  A jelly (D:8)
  2 orc priests (D:9)
  A gnoll shaman (D:8)
  5 orc wizards
  An iguana (D:7)
  4 worker ants
  A killer bee zombie (D:7)
  A hound skeleton (D:9)
  A worker ant zombie (D:6)
  Robin (D:2)
  7 gnolls
  6 adders
  An ooze (D:1)
  An adder skeleton (D:6)
  5 worms
  3 dart slugs
  4 leopard geckos
  11 orcs
  A ball python (D:2)
  7 bats
  6 giant cockroaches
  17 goblins
  7 hobgoblins
  8 jackals
  6 quokkas
  9 frilled lizards
  9 kobolds
  5 rats
167 creatures vanquished.

Vanquished Creatures (others)
  A crimson imp (D:5)
1 creature vanquished.

Grand Total: 168 creatures vanquished

Notes
Turn   | Place    | Note
-------+----------+-------------------------------------------
     0 | D:1      | Lauz the Minotaur Berserker began the quest for the Orb.
     0 | D:1      | Reached XP level 1. HP: 19/19 MP: 0/0
   138 | D:1      | Reached skill level 4 in Long Blades
   142 | D:1      | Reached XP level 2. HP: 27/27 MP: 1/1
   528 | D:1      | Reached XP level 3. HP: 31/33 MP: 2/2
  1196 | D:2      | Reached skill level 5 in Long Blades
  1303 | D:2      | Found a bloodstained altar of Trog.
  1304 | D:2      | Noticed Robin
  1309 | D:2      | Reached ** piety under Trog
  1310 | D:2      | Reached XP level 4. HP: 41/41 MP: 3/3
  1316 | D:2      | Killed Robin
  1909 | D:2      | Reached XP level 5. HP: 12/47 MP: 4/4
  2185 | D:2      | Reached skill level 6 in Long Blades
  2592 | D:2      | Found a shattered altar of Ashenzari.
  2592 | D:2      | Found a shimmering altar of Xom.
  3215 | D:3      | Found a sacrificial altar of Ru.
  3307 | D:3      | Noticed a sky beast
  3317 | D:3      | Killed a sky beast
  3317 | D:3      | Reached *** piety under Trog
  3317 | D:3      | Reached skill level 1 in Stealth
  3317 | D:3      | Reached XP level 6. HP: 30/55 MP: 5/5
  3959 | D:4      | Found Ivalamn's Antique Armour Boutique.
  3976 | D:4      | Reached skill level 5 in Fighting
  3976 | D:4      | Reached skill level 7 in Long Blades
  4289 | D:4      | Noticed Edmund
  4304 | D:4      | Killed Edmund
  4304 | D:4      | Reached XP level 7. HP: 45/61 MP: 6/6
  4653 | D:4      | Found a basalt altar of Yredelemnul.
  4799 | D:4      | Reached skill level 8 in Long Blades
  5448 | D:5      | Entered Level 5 of the Dungeon
  5488 | D:5      | Found a blossoming altar of Fedhas.
  5532 | D:5      | HP: 4/91 [poisoned by a water moccasin]
  5798 | D:5      | Found a glowing silver altar of Zin.
  5865 | D:5      | Noticed Pikel
  5911 | D:5      | Killed Pikel
  5911 | D:5      | Reached skill level 10 in Long Blades
  5911 | D:5      | Reached XP level 8. HP: 62/70 MP: 7/7
  6218 | D:5      | Noticed Prince Ribbit
  6227 | D:5      | Killed Prince Ribbit
  6870 | D:6      | Found Cudeadue's Antique Armour Shoppe.
  6971 | D:6      | Reached skill level 11 in Long Blades
  7615 | D:7      | Found Neqirhad's Antique Armour Emporium.
  7615 | D:7      | Found a staircase to the Ecumenical Temple.
  7721 | D:7      | Noticed Joseph
  7740 | D:7      | Killed Joseph
  7740 | D:7      | Reached skill level 12 in Long Blades
  7740 | D:7      | Reached skill level 5 in Dodging
  7740 | D:7      | Reached XP level 9. HP: 24/78 MP: 8/8
  8033 | D:7      | Noticed Menkaure
  8040 | D:7      | Killed Menkaure
  8242 | D:7      | Found Lofuntot's Weapon Emporium.
  8307 | D:7      | Found Gekli's Antique Armour Emporium.
  8335 | D:7      | Found Umedudgh's Gadget Emporium.
  8541 | D:7      | Found a glowing golden altar of the Shining One.
  8585 | D:7      | Found Quxiparpho's Assorted Antiques.
  8620 | D:7      | Reached **** piety under Trog
  8668 | D:7      | Noticed Duvessa
  8669 | D:7      | Noticed Dowan
  8675 | D:7      | Killed Duvessa
  8677 | D:7      | Killed Dowan
  8791 | D:8      | Found an ornate altar of the Wu Jian Council.
  8920 | D:8      | Reached skill level 13 in Long Blades
  9230 | D:8      | Found an iron altar of Okawaru.
  9617 | D:9      | Reached skill level 14 in Long Blades
  9617 | D:9      | Reached XP level 10. HP: 64/88 MP: 9/9
  9622 | D:9      | Splashed by a jelly's acid

Skill      XL: |  1  2  3  4  5  6  7  8  9 |
---------------+----------------------------+-----
Long Blades    | 4 5 6 7 10 12 14 | 14.0
Fighting       | 4 5 6 7 |  7.9
Dodging        | 3 4 5 6 |  6.0
Stealth        | 1 2 |  2.2
Armour         | |  2.4

Action                   |  1- 3 |  4- 6 |  7- 9 | 10-12 || total
-------------------------+-------+-------+-------+-------++-------
Melee: Falchion          |    65 |   118 |   158 |       ||   341
       Headbutt          |     6 |    22 |    59 |     1 ||    88
       Long sword        |       |       |    65 |     2 ||    67
Invok: Berserk           |     2 |     2 |     8 |       ||    12
  Use: Potion            |       |       |     1 |       ||     1
 Stab: Sleeping          |       |     1 |     4 |       ||     5
  Eat: Ration            |     1 |       |     1 |       ||     2
       Chunk             |       |    10 |    29 |       ||    39
Armor: Animal skin       |     4 |    15 |    10 |       ||    29
Dodge: Dodged            |    64 |    87 |   103 |     2 ||   256
       Rpst.: Falchion   |    13 |    17 |    19 |       ||    49
       Long sword        |       |       |    13 |     2 ||    15
